 Dungeon Crawl Stone Soup version 0.22-a0-848-ge9e22a0 (webtiles) character file.

16 Leszczynek the Cutter (level 2, 4/18 HPs)
             Began as a Deep Elf Abyssal Knight on July 26, 2018.
             Was an Initiate of Lugonu.
             Quit the game on level 3 of the Dungeon.
             The game lasted 00:02:34 (333 turns).

Leszczynek the Cutter (Deep Elf Abyssal Knight)      Turns: 333, Time: 00:02:36

Health: 4/18       AC:  3    Str: 14    XL:     2   Next: 37%
Magic:  5/5        EV: 12    Int: 16    God:    Lugonu [......]
Gold:   15         SH:  0    Dex: 14    Spells: 1/1 levels left

rFire    . . .     SeeInvis .   a - +1 short sword
rCold    . . .     Gourm    .   (no shield)
rNeg     . . .     Faith    .   b - +0 leather armour
rPois    .         Spirit   .   (no helmet)
rElec    .         Reflect  .   (no cloak)
rCorr    .         Harm     .   (no gloves)
MR       .....                  (no boots)
Stlth    +.........             (no amulet)
HPRegen  0.06/turn              (no ring)
MPRegen  0.09/turn              (no ring)

@: mighty, lethally poisoned (4 -> -1), very slightly contaminated, invisible
A: no striking features
a: Renounce Religion


You were on level 3 of the Dungeon.
You worshipped Lugonu.
Lugonu was noncommittal.
You were not hungry.

You visited 1 branch of the dungeon, and saw 3 of its levels.
You visited the Abyss 1 time.

You collected 15 gold pieces.

Inventory:

Hand Weapons
 a - a +1 short sword (weapon)
Missiles
 e - 18 stones (quivered)
Armour
 b - a +0 leather armour (worn)
Jewellery
 g - an uncursed ring of fire
Scrolls
 c - a scroll of noise {unknown}
Potions
 i - a potion of might
Comestibles
 d - a ration
 h - 4 chunks of flesh


   Skills:
 - Level 2.4 Fighting
 + Level 3.1 Short Blades
 - Level 0.7 Armour
 - Level 2.4 Dodging
 - Level 2.0 Invocations


You had one spell level left.
You didn't know any spells.
Your spell library was empty.

Dungeon Overview and Level Annotations

Branches:
Dungeon (3/15)

Altars:


Message History

The adder is heavily wounded.
The adder bites you.
You are lethally poisoned!
The adder poisons you! The adder bites you but does no damage.
It was a potion of might.
You feel very mighty all of a sudden.
You feel sick. The adder closely misses you.
You miss the adder.
The adder is heavily wounded.
You feel sick. The adder bites you.
* * * LOW HITPOINT WARNING * * *
You puncture the adder!
You kill the adder!
Lugonu accepts your kill.
Your Short Blades skill increases to level 3!
You have reached level 2!
It was a potion of invisibility.
You fade into invisibility!
You are very lightly contaminated with residual magic.
Are you sure you want to abandon this character and quit the game? (Confirm with "yes".)

#......!#.#.###
#..#.##........
#......##.#.###
#.........#
#....#.####
#....#.####.#
#... #......#
#.#..#.######
#.#...@.# #
#.###.# # #<..#
#####


There were no monsters in sight!

Vanquished Creatures
  An adder (D:3)
  2 goblins (D:2)
  2 hobgoblins (D:2)
  A kobold (D:1)
6 creatures vanquished.

Notes
Turn   | Place    | Note
-------+----------+-------------------------------------------
     0 | Abyss:1  | Leszczynek the Deep Elf Abyssal Knight began the quest for the Orb.
     0 | Abyss:1  | Reached XP level 1. HP: 13/13 MP: 4/4
    37 | Abyss:1  | Noticed a hellwing
    38 | D:1      | Escaped the Abyss
   331 | D:3      | Reached skill level 3 in Short Blades
   331 | D:3      | Reached XP level 2. HP: 4/18 MP: 5/5
   333 | D:3      | Quit the game

Vault maps used:
D:1:      dpeg_arrival_concentric_ovals
D:2:      minitemple
D:3:      first_ration, feat_on_display

Skill      XL: |  1 |
---------------+----+-----
Short Blades   | 3 |  3.1
Fighting       | |  2.4
Armour         | |  0.7
Dodging        | |  2.4
Invocations    | |  2.0

Action                   || total
-------------------------++-------
Melee: Short sword       ||    18
Throw: Stone             ||    21
Invok: Depart the Abyss  ||     1
  Use: Potion            ||     2
Armor: Leather armour    ||     5
Dodge: Dodged            ||     6

Table legend:
 A = Spawn XP
 B = Non-spawn XP
 C = Spawn XP percentage of total XP
 D = Spawn monster count
 E = Non-spawn monster count
 F = Spawn count percentage of total count
 G = Total turns spent on level
                    A         B        C        D         E        F      G
               +---------+---------+-------+---------+---------+-------+---------
         Total |       0 |      23 |   0.0 |       0 |       6 |   0.0 |   333
               +---------+---------+-------+---------+---------+-------+---------
           D:1 |       0 |       1 |   0.0 |       0 |       1 |   0.0 |   125
           D:2 |       0 |       8 |   0.0 |       0 |       4 |   0.0 |   144
           D:3 |       0 |      14 |   0.0 |       0 |       1 |   0.0 |    26
               +---------+---------+-------+---------+---------+-------+---------
